 Dungeon Crawl Stone Soup version 0.27-a0-1196-g3e9cee4cb2 (webtiles) character file.

Game seed: 2659026990148155895

145946 polve the Severer (level 16, -11/204 HPs)
             Began as a Demonspawn Berserker on May 29, 2021.
             Was the Champion of Trog.
             Mangled by a naga warrior
             ... wielding a +0 glaive
              (37 damage)
             ... on level 3 of the Snake Pit.
             The game lasted 00:34:42 (25185 turns).

polve the Severer (Demonspawn Berserker)           Turns: 25185, Time: 00:34:42

Health: -11/204    AC: 26    Str: 30    XL:     16   Next: 88%
Magic:  16/16      EV: 10    Int:  9    God:    Trog [******]
Gold:   2060       SH:  4    Dex: 13    Spells: 15/15 levels left

rFire    + . .     SeeInvis .   R - +7 executioner's axe (flame)
rCold    + . .     Faith    .   (shield currently unavailable)
rNeg     + . .     Spirit   .   z - +2 plate armour {Will+}
rPois    +         Reflect  .   S - -2 hat of the Alchemist {rElec rPois rF+ rC+ rN+ Will+ rMut rCorr}
rElec    +         Harm     .   y - +0 cloak {rCorr}
rCorr    +         Rampage  .   k - +0 pair of gloves
rMut     +                      (boots unavailable)
Will     +++..                  l - amulet of regeneration
Stlth    ..........             K - ring of poison resistance
HPRegen  1.44/turn              i - +6 ring of strength
MPRegen  0.15/turn

@: berserking, lethally poisoned (-11 -> -12), sanguine armoured, very quick
A: hooves 3, foul stench 3, sanguine armour 2, condensation shield
a: Renounce Religion, Berserk, Trog's Hand, Brothers in Arms


You were on level 3 of the Snake Pit.
You worshipped Trog.
Trog was exalted by your worship.
You visited 5 branches of the dungeon, and saw 27 of its levels.
You also visited: Ice Cave.

You collected 2764 gold pieces.
You spent 704 gold pieces at shops.

Inventory:

Hand Weapons
 R - a +7 executioner's axe of flaming (weapon)
Missiles
 A - 5 throwing nets
 F - 2 boomerangs of dispersal
Armour
 k - a +0 pair of gloves (worn)
 y - a +0 cloak of preservation (worn)
 z - a +2 plate armour of willpower (worn)
 S - the -2 hat of the Alchemist (worn) {rElec rPois rF+ rC+ rN+ Will+ rMut rCorr}
   (You bought it in a shop on level 1 of the Orcish Mines)

   It protects you from fire.
   It protects you from cold.
   It insulates you from electricity.
   It protects you from poison.
   It protects you from negative energy.
   It protects you from acid and corrosion.
   It protects you from mutation.
   It increases your willpower.
Jewellery
 b - an amulet of the acrobat
 e - a ring of flight
 h - a ring of willpower
 i - a +6 ring of strength (right hand)
 l - an amulet of regeneration (around neck)
 B - a ring of positive energy
 K - a ring of poison resistance (left hand)
Wands
 g - a wand of polymorph (11)
 p - a wand of digging (11)
 D - a wand of mindburst (3)
 E - a wand of charming (11)
 J - a wand of acid (31)
 L - a wand of flame (45)
 M - a wand of paralysis (16)
 O - a wand of iceblast (5)
Scrolls
 a - 5 scrolls of enchant armour
 d - 3 scrolls of torment
 f - 7 scrolls of teleportation
 j - 3 scrolls of fog
 m - 3 scrolls of summoning
 q - 4 scrolls of fear
 s - a scroll of blinking
 u - 2 scrolls of holy word
 v - 5 scrolls of identify
Potions
 c - 3 potions of ambrosia
 n - 3 potions of lignification
 o - a potion of magic
 r - 9 potions of heal wounds
 t - 2 potions of cancellation
 w - 6 potions of curing
 x - a potion of might
 C - 2 potions of haste
 H - 6 potions of attraction
 I - 6 potions of flight
 Q - a potion of berserk rage


   Skills:
 - Level 15.0 Fighting
 + Level 20.8 Axes
 - Level 10.0 Armour
 - Level 5.0 Dodging


You had 15 spell levels left.
You didn't know any spells.
Your spell library was empty.

Dungeon Overview and Level Annotations

Branches:
Dungeon (15/15)            Temple (0/1) D:6            Lair (6/6) D:9
 Shoals (0/4) Lair:2        Snake (3/4) Lair:4        Slime (0/5) Lair:6
    Orc (2/2) D:12            Elf (0/3) Orc:2        Vaults (0/5) D:14
 Depths (1/5) D:15          IceCv (visited)

Altars:
Cheibriados
Dithmenos
Elyvilon
Fedhas
Gozag
Hepliaklqana
Okawaru
Trog
Vehumet
Wu Jian
Zin
Beogh
Jiyva

Shops:
D:2 :   D:6 [   D:9 *   Orc:1 ([   Orc:2 :[(*   Snake:1 (   Snake:2 (
Snake:3 :!*

Portals:
Trove: D:14 (give +4 shadow dragon scales)

Annotations:
Lair:6 1 runed translucent door


Innate Abilities, Weirdness & Mutations

You have hooves in place of feet.
You frequently emit foul miasma when damaged in melee.
When seriously injured, your bleeding wounds create thick armour. (AC +9)
A meltable shield of frost defends you. (SH +4)


Message History

A naga and a naga mage come into view.
You feel very sick.
The naga mage shouts!
The naga shouts!
The naga spits poison at you. The splash of poison misses you.
The naga barely misses you. You block the naga mage's attack.
The naga warrior roars a battlecry!
The naga warrior goes into a battle-frenzy!
The naga hits you with a +0 scimitar!
You emit a cloud of foul miasma!
The naga grabs you. The naga constricts you.
Found a stone staircase leading up.
Items here: )) [ ††.
A red film seems to cover your vision as you go berserk!
You feel yourself moving faster!
You feel mighty!
You feel very sick. The naga hits you but does no damage.
The naga mage hits you but does no damage. x2
The naga hits you from afar with a +0 trident!
The naga warrior hits you from afar with a +0 glaive!!
The naga warrior hits you with a +0 mace!
* * * LOW HITPOINT WARNING * * *
The naga is engulfed in dark miasma.
The naga is poisoned.
The naga spits poison at you.
The splash of poison hits you but does no damage.
You resist. The naga constricts you.
You carve the naga like a ham!!! You burn the naga.
You kill the naga!
Trog accepts your kill.
You slash the naga mage! You burn the naga mage. You hit the naga warrior.
You burn the naga warrior.
You feel sick.
The naga hits you from afar with a +0 halberd!!
* * * LOW HITPOINT WARNING * * *
The naga hits you but does no damage. The naga mage spits poison at you.
The splash of poison misses you.
The splash of poison misses the naga warrior.
The naga mage spits poison at you. You block the splash of poison.
The naga warrior hits you from afar with a +0 glaive!!!
You die...

#.....########.....#
#.....# #.....#
#.....# ###.###
#.....# #.# ......#
##.# #### ......#
#.)##...## .######
#)##N.<.⌠# .##
#.#NN..... ..#####
#N@§NN⌠.<. ......#
###.N..... .####.#
#N.>.⌠# ># #.#
#...## .# ##.## ####
.# #...#
#####.#######
...#...#.....
.....∩.....#


You could see 2 naga warriors, 2 naga magi and 4 nagas.

Vanquished Creatures
  2 caustic shrikes (D:15)
  Rupert (D:12)
  Roxanne (D:14)
  An azure jelly (IceCv)
  2 orc warlords
  Aizul (Snake:1)
  A stone giant (D:15)
  A quicksilver ooze (IceCv)
  Nessos (D:13)
  An ettin (Orc:1)
  Harold (D:7)
  8 hydras
  An ogre mage (D:15)
  2 boulder beetles
  6 anacondas
  8 vault guards (D:14)
  Fannar (Lair:3)
  5 naga warriors
  2 catoblepae
  3 centaur warriors
  Erica (D:10)
  5 tengu warriors
  3 death yaks (Lair:6)
  13 two-headed ogres
  2 orc high priests
  A deep troll shaman (Lair:6)
  A naga sharpshooter (Snake:1)
  A shock serpent (Snake:3)
  A salamander mystic (Snake:3)
  Nergalle (D:12)
  4 sea snakes (Snake:1)
  An orange crystal statue (Lair:1)
  A naga ritualist (Snake:2)
  A deep elf pyromancer (D:12)
  4 orc knights
  11 ugly things
  2 oklob plants (Lair:2)
  An orc sorcerer (Orc:1)
  2 mana vipers
  4 manticores
  6 cyclopes
  A merfolk siren (Lair:2)
  7 elephants
  Joseph (D:9)
  3 ice statues (IceCv)
  Maurice (D:9)
  3 torpor snails
  3 salamanders
  8 black mambas
  8 naga magi
  3 guardian serpents
  A gargoyle (D:12)
  3 rime drakes
  21 cane toads
  Psyche (D:8)
  An unseen horror (D:13)
  13 komodo dragons
  Maggie (D:7)
  2 kobold demonologists (D:10)
  4 entropy weaver simulacra (IceCv)
  A merfolk (Lair:2)
  2 ice devils (D:12)
  A tengu conjurer (D:14)
  3 meliai (D:13)
  4 polar bears
  A troll (D:9)
  A tyrant leech (Lair:6)
  A polar bear (shapeshifter) (D:13)
  29 blink frogs
  Grinder (D:3)
  Prince Ribbit (D:5)
  25 slime creatures
  3 shadows
  A redback (shapeshifter) (D:13)
  3 wyverns
  4 wraiths
  A basilisk (shapeshifter) (D:14)
  56 yaks
  3 steam dragons
  Grum (D:11)
  3 basilisks
  2 vampire mosquitoes (D:13)
  3 swamp worms (Lair:6)
  22 nagas
  3 wargs (D:12)
  2 acid dragons
  5 demonic crawler simulacra (IceCv)
  10 water moccasins
  Duvessa (D:7)
  39 orc warriors
  A black bear (Lair:1)
  2 hornet zombies
  2 ice beasts (D:7)
  3 ugly thing simulacra (IceCv)
  4 sky beasts
  6 centaurs
  4 ogres
  27 wolves
  5 kobold brigands
  12 bullfrogs
  2 gnoll sergeants
  A wyvern zombie (D:9)
  A glowing shapeshifter simulacrum (IceCv)
  3 scorpions
  Dowan (D:7)
  17 killer bees
  9 electric eels
  A howler monkey (D:6)
  3 lava snakes (Lair:1)
  3 bullfrog skeletons
  4 centaur zombies
  A gnoll shaman (Orc:1)
  A jelly (D:5)
  27 orc priests
  Crazy Yiuf (D:3)
  8 hounds
  36 orc wizards
  Terence (D:3)
  20 iguanas
  A hound skeleton (D:4)
  A howler monkey zombie (D:9)
  13 gnolls
  9 adders
  A howler monkey skeleton (D:7)
  A shadow imp (D:6)
  An ufetubus (D:5)
  4 worms
  2 dart slugs (D:1)
  79 orcs
  9 ball pythons
  4 bats
  9 endoplasms
  4 giant cockroaches
  7 goblins
  10 hobgoblins
  2 jackals
  14 kobolds
  2 quokkas
  20 frilled lizards
  6 rats
837 creatures vanquished.

Vanquished Creatures (others)
  An entropy weaver simulacrum (IceCv)
  A slime creature (IceCv)
  An ugly thing simulacrum (IceCv)
  A glowing shapeshifter simulacrum (IceCv)
  An orc wizard (Orc:1)
  14 fungi
  58 plants
77 creatures vanquished.

Grand Total: 914 creatures vanquished

Notes
Turn   | Place    | Note
-------+----------+-------------------------------------------
     0 | D:1      | polve the Demonspawn Berserker began the quest for the Orb.
     0 | D:1      | Reached XP level 1. HP: 18/18 MP: 1/1
    52 | D:1      | Reached skill level 3 in Axes
   355 | D:1      | Gained mutation: You may rarely emit foul miasma when
                  | damaged in melee. [demonic ancestry]
   355 | D:1      | Reached XP level 2. HP: 23/24 MP: 2/2
   927 | D:1      | Reached XP level 3. HP: 29/29 MP: 3/3
  1574 | D:2      | Reached skill level 4 in Axes
  1820 | D:2      | Found a faded altar of an unknown god.
  1945 | D:2      | Found Quxomm's Book Emporium.
  2565 | D:2      | Gained mutation: When seriously injured, your bleeding
                  | wounds create armour. (AC +9) [demonic ancestry]
  2565 | D:2      | Reached XP level 4. HP: 34/35 MP: 4/4
  2660 | D:3      | Reached ** piety under Trog
  2665 | D:3      | Reached skill level 5 in Axes
  2750 | D:3      | Found an iron altar of Okawaru.
  2861 | D:3      | Noticed Grinder
  2880 | D:3      | Paralysed by Grinder for 3 turns
  2884 | D:3      | Killed Grinder
  2885 | D:3      | Reached skill level 6 in Axes
  2885 | D:3      | Reached XP level 5. HP: 41/41 MP: 5/5
  2885 | D:3      | Gained mutation: You sometimes emit foul miasma when
                  | damaged in melee. [demonic ancestry]
  2885 | D:3      | Reached XP level 6. HP: 47/47 MP: 6/6
  2904 | D:3      | Found a blossoming altar of Fedhas.
  3048 | D:3      | Noticed Terence
  3058 | D:3      | Killed Terence
  3357 | D:3      | Found a runed translucent door.
  3358 | D:3      | Noticed Crazy Yiuf
  3631 | D:3      | Killed Crazy Yiuf
  4044 | D:4      | Identified the +5 chain mail of Precision Catastrophes
                  | {Str+5 Int+3}
  4122 | D:4      | Reached *** piety under Trog
  4129 | D:4      | Gained mutation: You have large cloven feet. [demonic
                  | ancestry]
  4129 | D:4      | Reached XP level 7. HP: 52/52 MP: 7/7
  4693 | D:5      | Entered Level 5 of the Dungeon
  4745 | D:5      | Noticed Prince Ribbit
  4758 | D:5      | Killed Prince Ribbit
  4759 | D:5      | Reached XP level 8. HP: 35/61 MP: 8/8
  4827 | D:5      | Reached skill level 5 in Fighting
  5368 | D:6      | Found Kieblia's Armour Shoppe.
  5388 | D:6      | Found a staircase to the Ecumenical Temple.
  5408 | D:6      | Noticed a two-headed ogre
  5417 | D:6      | Killed a two-headed ogre
  5418 | D:6      | Reached skill level 5 in Armour
  5418 | D:6      | Reached skill level 5 in Dodging
  5418 | D:6      | Reached skill level 8 in Axes
  5418 | D:6      | Gained mutation: A meltable shield of frost defends you.
                  | (SH +4) [demonic ancestry]
  5418 | D:6      | Reached XP level 9. HP: 68/69 MP: 9/9
  5532 | D:6      | Found Qoskunio's Antique Weapon Shop.
  5924 | D:6      | Noticed a two-headed ogre
  5931 | D:6      | Killed a two-headed ogre
  5932 | D:6      | Reached skill level 9 in Axes
  6085 | D:6      | Reached **** piety under Trog
  6177 | D:7      | Reached skill level 10 in Axes
  6195 | D:7      | Found a bloodstained altar of Trog.
  6195 | D:7      | Found a faded altar of an unknown god.
  6203 | D:7      | Found a hazy altar of Hepliaklqana.
  6205 | D:7      | Found an ornate altar of the Wu Jian Council.
  6207 | D:7      | Found a faded altar of an unknown god.
  6378 | D:7      | Noticed Harold
  6394 | D:7      | Killed Harold
  6395 | D:7      | Reached skill level 11 in Axes
  6395 | D:7      | Reached XP level 10. HP: 76/76 MP: 10/10
  6498 | D:7      | Noticed Maggie
  6510 | D:7      | Killed Maggie
  6684 | D:7      | Noticed Duvessa
  6684 | D:7      | Noticed Dowan
  6690 | D:7      | Killed Dowan
  6696 | D:7      | Killed Duvessa
  7047 | D:8      | Reached skill level 12 in Axes
  7230 | D:8      | Noticed Psyche
  7235 | D:8      | Killed Psyche
  7239 | D:8      | Reached ***** piety under Trog
  7546 | D:9      | Noticed Joseph
  7559 | D:9      | Killed Joseph
  7560 | D:9      | Reached skill level 13 in Axes
  7577 | D:9      | Noticed Maurice
  7589 | D:9      | Killed Maurice
  7590 | D:9      | Gained mutation: When seriously injured, your bleeding
                  | wounds create thick armour. (AC +9) [demonic ancestry]
  7590 | D:9      | Reached XP level 11. HP: 81/81 MP: 11/11
  7650 | D:9      | Identified the +4 pair of boots of the Untouchables {rElec
                  | Slay+3}
  7673 | D:9      | Found a shadowy altar of Dithmenos.
  7766 | D:9      | Noticed a two-headed ogre
  7769 | D:9      | Found a staircase to the Lair.
  7778 | D:9      | Killed a two-headed ogre
  8076 | D:9      | Found Gozag's Platinum Reserve.
  8105 | D:9      | Found an opulent altar of Gozag.
  8324 | Lair:1   | Entered Level 1 of the Lair of Beasts
  8333 | Lair:1   | Reached skill level 14 in Axes
  8414 | Lair:1   | Reached skill level 15 in Axes
  8557 | Lair:1   | Noticed an orange crystal statue
  8883 | Lair:1   | Gained mutation: You frequently emit foul miasma when
                  | damaged in melee. [demonic ancestry]
  8883 | Lair:1   | Reached XP level 12. HP: 77/88 MP: 12/12
  9159 | Lair:1   | Identified the ring of Poeskiz {Ice Int+4}
  9622 | Lair:2   | Found a staircase to the Shoals.
  9811 | Lair:2   | Noticed a catoblepas
  9815 | Lair:2   | Reached skill level 16 in Axes
  9819 | Lair:2   | Killed a catoblepas
  9820 | Lair:2   | Noticed a five-headed hydra
  9831 | Lair:2   | Killed a two-headed hydra
  9923 | Lair:2   | Reached ****** piety under Trog
 10427 | Lair:3   | Noticed Fannar
 10435 | Lair:3   | Killed Fannar
 10599 | Lair:3   | Found a snail-covered altar of Cheibriados.
 11073 | Lair:4   | Noticed a six-headed hydra
 11086 | Lair:4   | Gained mutation: You have hoof-like feet. [demonic
                  | ancestry]
 11086 | Lair:4   | Reached XP level 13. HP: 102/102 MP: 13/13
 11173 | Lair:4   | Reached skill level 10 in Fighting
 11315 | Lair:4   | Found a staircase to the Snake Pit.
 12582 | Lair:5   | Received a gift from Trog
 12794 | Lair:6   | Entered Level 6 of the Lair of Beasts
 13298 | Lair:6   | Gained mutation: You have hooves in place of feet. [demonic
                  | ancestry]
 13298 | Lair:6   | Reached XP level 14. HP: 46/116 MP: 14/14
 13658 | Lair:6   | Found a runed translucent door.
 13658 | Lair:6   | Found a viscous altar of Jiyva.
 13658 | Lair:6   | Noticed an acid blob
 13658 | Lair:6   | Noticed an acid blob
 13659 | Lair:6   | Found a staircase to the Slime Pits.
 13970 | D:10     | Entered Level 10 of the Dungeon
 14025 | D:10     | Received a gift from Trog
 14051 | D:10     | Noticed Erica
 14059 | D:10     | Killed Erica
 14457 | D:10     | Found a large runed translucent door.
 14457 | D:10     | Found a large runed translucent door.
 14854 | D:10     | Found a radiant altar of Vehumet.
 15270 | D:11     | Identified the +2 plate armour of Ucrurel {rF- Int+8 Dex-5
                  | Stlth+}
 15489 | D:11     | Noticed Grum
 15495 | D:11     | Killed Grum
 15769 | D:12     | Noticed Rupert
 15770 | D:12     | Paralysed by Rupert for 6 turns
 15782 | D:12     | Killed Rupert
 15783 | D:12     | Reached skill level 17 in Axes
 15994 | D:12     | Received a gift from Trog
 16068 | D:12     | Noticed Nergalle
 16073 | D:12     | Killed Nergalle
 16090 | D:12     | Found a frozen archway.
 16103 | IceCv    | Entered an ice cave
 16457 | IceCv    | Reached XP level 15. HP: 105/124 MP: 15/15
 16488 | IceCv    | Noticed an azure jelly
 16504 | IceCv    | Killed an azure jelly
 16505 | IceCv    | Reached skill level 18 in Axes
 16583 | IceCv    | Found a viscous altar of Jiyva.
 16783 | D:12     | Found a staircase to the Orcish Mines.
 17155 | Orc:1    | Entered Level 1 of the Orcish Mines
 17209 | Orc:1    | Identified the +6 battleaxe of the Apocalypse {vorpal, rC+}
                  | (Trog gifted it to you on level 1 of the Orcish Mines)
 17209 | Orc:1    | Received a gift from Trog
 17221 | Orc:1    | Noticed an orc warlord
 17233 | Orc:1    | Killed an orc warlord
 17329 | Orc:1    | Found Iwkejeul's Armour Boutique.
 17335 | Orc:1    | Found Toetioli's Weapon Emporium.
 17338 | Orc:1    | Bought a +0 cloak of preservation for 138 gold pieces
 17338 | Orc:1    | Bought the -2 hat of the Alchemist {rElec rPois rF+ rC+ rN+
                  | Will+ rMut rCorr} for 566 gold pieces
 17338 | Orc:1    | Found the -2 hat of the Alchemist {rElec rPois rF+ rC+ rN+
                  | Will+ rMut rCorr}
 18498 | D:13     | Noticed Nessos
 18515 | D:13     | Killed Nessos
 18588 | D:13     | Identified the +9 battleaxe of the Candelabrum {vorpal,
                  | rF+++ MP-9 Str+3 Stlth+} (Trog gifted it to you on level 13
                  | of the Dungeon)
 18588 | D:13     | Received a gift from Trog
 19154 | D:13     | Reached skill level 19 in Axes
 19365 | D:14     | Noticed Roxanne
 19378 | D:14     | Killed Roxanne
 19563 | D:14     | Found a portal to a secret trove of treasure.
 19691 | D:14     | Found a gate to the Vaults.
 20171 | D:15     | Entered Level 15 of the Dungeon
 20310 | D:15     | Found a blossoming altar of Fedhas.
 20798 | D:15     | Found a staircase to the Depths.
 20806 | D:15     | Reached XP level 16. HP: 128/131 MP: 16/16
 20807 | D:15     | Reached skill level 20 in Axes
 20964 | D:15     | Reached skill level 10 in Armour
 21280 | Orc:2    | Entered Level 2 of the Orcish Mines
 21612 | Orc:2    | Found a staircase to the Elven Halls.
 21791 | Orc:2    | Received a gift from Trog
 21802 | Orc:2    | Found Nesyelos's General Store.
 22057 | Orc:2    | Found Vesoenyi's Antique Weapon Shoppe.
 22062 | Orc:2    | Found Yguaqoli's Antique Armour Emporium.
 22182 | Orc:2    | Found Hyukeli's Book Shoppe.
 22462 | Depths:1 | Entered Level 1 of the Depths
 22462 | Depths:1 | Noticed a caustic shrike
 22462 | Depths:1 | Noticed a caustic shrike
 22462 | Depths:1 | Noticed a caustic shrike
 22462 | Depths:1 | Noticed a caustic shrike
 22462 | Depths:1 | Noticed a caustic shrike
 22471 | D:15     | Killed a caustic shrike
 22471 | D:15     | Received a gift from Trog
 22481 | D:15     | Killed a caustic shrike
 22825 | Snake:1  | Entered Level 1 of the Snake Pit
 22868 | Snake:1  | Reached skill level 15 in Fighting
 23250 | Snake:1  | Noticed Aizul
 23259 | Snake:1  | Killed Aizul
 23963 | Snake:1  | Found Nuoci's Antique Weapon Emporium.
 24336 | Snake:2  | Found Kaahuvo's Antique Weapon Emporium.
 24860 | Snake:3  | Received a gift from Trog
 25029 | Snake:3  | Found Naus's Assorted Antiques.
 25034 | Snake:3  | Found Weazuwk's Distillery.
 25045 | Snake:3  | Found Adytwit's Book Boutique.
 25185 | Snake:3  | Mangled by a naga warrior

Illustrated notes

Levels and vault maps discovered:
D:1:      psy_arrival_spokes, layout_rooms, serial_rivers,
          chequers_serial_rivers_small_3, chequers_serial_rivers_large_a,
          chequers_serial_rivers_small_a, chequers_serial_rivers_marsh,
          chequers_serial_rivers_small_b
D:2:      minmay_diamond_boxcup, layout_loops_corners,
          hellmonk_ecumenical_altar_heavens_door, serial_shops,
          nicolae_shop_competitors_out_of_business
D:3:      layout_basic, nicolae_overflow_crystal_walls, marbit_many_paths,
          uniq_crazy_yiuf_cottage, uniq_terence, uniq_grinder
D:4:      minmay_razor_zed, layout_loops_ring, guppyfry_early_orc_mine
D:5:      layout_cave_pools, elyvilon_altar_5, uniq_prince_ribbit1
D:6:      layout_basic, minmay_temple_entry_crystal_x, serial_shops,
          nicolae_shop_stone, shop_statue, minivault_27
D:7:      kennysheep_steamy, layout_basic, chequers_temple_overflow_minitemple,
          grunt_decor_cap, uniq_harold, uniq_maggie, uniq_duvessa
D:8:      layout_basic, uniq_psyche
D:9:      layout_roguey, lemuel_round_altar, nicolae_gozag_zags_fifth_avenue,
          erik_lair_island, uniq_maurice, uniq_joseph
D:10:     layout_basic, jmf_multi_god_temple2, uniq_erica
D:11:     layout_loops_ring, uniq_grum
D:12:     layout_loops_ring, minmay_orc_entry_guard_dogs,
          portal_ice_cave_demonic_guard, uniq_rupert, uniq_nergalle
D:13:     layout_basic, ebering_dispersal_statue_hall, uniq_nessos
D:14:     layout_basic, erik_vaults_2, hangedman_decor_peaks_small,
          enter_trove_1, uniq_roxanne
D:15:     grunt_enter_depths_snipers, layout_irregular_city,
          fedhas_altar_fruit_tree, hangedman_abyss_or_decor_clamps
Lair:1:   layout_roguey, disabler_island
Lair:2:   layout_loops_ring, elwin_shoals_entry_rooms,
          hangedman_lair_generics_rect, minmay_lair_oklob_chamber,
          infiniplex_staircase_pool_2
Lair:3:   layout_gridlike, kennysheep_snail_temple, uniq_fannar
Lair:4:   lemuel_reptile_caves, layout_hall_layers, guppyfry_snake_entry_island,
          st_stairs_12, beast_lair_carwin_1
Lair:5:   layout_loops_ring, serial_bayou_shore_a
Lair:6:   grunt_lair_end_beastmaster, layout_gridlike, slime_altar_2,
          serial_bayou_pond_d, worms_lemuel
Snake:1:  layout_basic, serial_shops, shop, serial_bayou_lagoon_b, uniq_aizul
Snake:2:  layout_basic, drop_trap, minmay_shop_grid_forest, lemuel_fruit_tree
Snake:3:  layout_rooms, grunt_ministairs_7, minmay_shop_star, uniq_nikola
Orc:1:    orc_temple, layout_caves, serial_shops, shop, shop
Orc:2:    grunt_orc_community_town_hall, layout_caves,
          grunt_orc_community_big_house_1, grunt_orc_community_big_house_2,
          grunt_orc_community_house_3, grunt_orc_community_house_2,
          grunt_orc_community_house_3, grunt_orc_community_house_2,
          grunt_orc_community_house_3, grunt_orc_community_house_2
Depths:1: layout_cave_pools, grunt_hell_entry_dis_old, abyss_entry,
          minmay_misc_feat_columns, nicolae_qazlal_style_of_elements

Skill      XL: |  1  2  3  4  5  6  7  8  9 10 11 12 13 14 15 16 |
---------------+-------------------------------------------------+-----
Axes           | 3 4 6 8 11 13 15 16 17 19 20 | 20.8
Armour         | 2 4 5 7 9 10 | 10.0
Dodging        | 2 4 5 |  5.0
Fighting       | 4 6 9 12 13 15 | 15.0

Action                   |  1- 3 |  4- 6 |  7- 9 | 10-12 | 13-15 | 16-18 || total
-------------------------+-------+-------+-------+-------+-------+-------++-------
Melee: Hand axe          |   129 |   152 |    86 |       |       |       ||   367
       Kick              |       |       |    23 |       |   248 |   107 ||   378
       War axe           |       |       |    85 |   489 |   444 |       ||  1018
       Battleaxe         |       |       |       |       |   161 |       ||   161
       Executioner's axe |       |       |       |       |   332 |   289 ||   621
Invok: Berserk           |     4 |     5 |     6 |    14 |    17 |     9 ||    55
       Trog's Hand       |       |       |       |       |     1 |       ||     1
Evoke: Wand              |       |       |       |     6 |       |     7 ||    13
  Use: Scroll            |       |       |       |     7 |    21 |     3 ||    31
       Potion            |       |       |       |     3 |       |     3 ||     6
 Stab: Petrified         |       |       |       |       |     5 |       ||     5
Armor: Scale mail        |    42 |       |       |       |       |       ||    42
       Ring mail         |     3 |       |       |       |       |       ||     3
       Plate armour      |    28 |    76 |       |       |       |   128 ||   232
       Chain mail        |       |    10 |    80 |   263 |   566 |       ||   919
Dodge: Dodged            |    71 |    52 |    69 |   196 |   376 |   105 ||   869
Block: Other             |       |       |    13 |    75 |   127 |    35 ||   250

Table legend: (Time is in decaauts)
 A = Elapsed time spent in this place.
 B = Non-inter-level travel time spent in this place.
 C = Inter-level travel time spent in this place.
 D = Time resting spent in this place.
 E = Time spent auto-exploring this place.
 F = Levels seen in this place.
 G = Mean time per level.
                   A        B        C        D        E       F      G
               +--------+--------+--------+--------+--------+-----+--------+
         Total |  25627 |  23904 |   1723 |    225 |  19366 |  28 |  915.2 |
       Dungeon |  14725 |  13543 |   1182 |    152 |  11202 |  15 |  981.7 |
          Lair |   5708 |   5306 |    402 |      8 |   4293 |   6 |  951.3 |
     Snake Pit |   2420 |   2380 |     40 |      0 |   2011 |   3 |  806.7 |
  Orcish Mines |   2074 |   1977 |     97 |     38 |   1476 |   2 | 1037.0 |
        Depths |      2 |      2 |      0 |      0 |      0 |   1 |    2.0 |
      Ice Cave |    695 |    695 |      0 |     26 |    383 |   1 |  695.0 |
               +--------+--------+--------+--------+--------+-----+--------+

Top non-repeatable levels by time:
     D:1: 1403 daAuts
     D:2: 1299 daAuts
    D:13: 1280 daAuts
 Snake:1: 1275 daAuts
    D:15: 1181 daAuts
     D:3: 1112 daAuts
  Lair:4: 1108 daAuts
   Orc:1: 1093 daAuts
    D:14: 1048 daAuts
  Lair:2: 1029 daAuts
     D:4: 1005 daAuts
  Lair:1: 998 daAuts
  Lair:6: 997 daAuts
   Orc:2: 981 daAuts
    D:10: 924 daAuts
